 Dungeon Crawl Stone Soup version 0.32-a0-22-g6ae6769602 (console) character file.

Game seed: 9648944525495486570

939 Zeia the Reanimator (level 7, -1/52 HPs)
             Began as a Demonspawn Necromancer on Jan 18, 2024.
             Was an Initiate of Ashenzari.
             Incinerated by a bombardier beetle (3 damage)
             ... with a burning spray
             ... on level 5 of the Dungeon.
             The game lasted 00:22:07 (4879 turns).

Zeia the Reanimator (Demonspawn Necromancer)        Turns: 4879, Time: 00:22:07

Health: -1/52      AC: 10    Str:  9    XL:     7   Next: 87%
Magic:  10/11      EV: 12    Int: 17    God:    Ashenzari [......]
Gold:   260        SH:  0    Dex: 13    Spells: 3/11 levels left

rFire   . . .        r - +7 Throatcutter {drain, coup de grace}
rCold   . . .        (no shield)
rNeg    . . .        a - +0 robe
rPois   .            l - +2 helmet
rElec   .            (no cloak)
rCorr   .            q - +0 pair of gloves
SInv    .            (no boots)
Will    .....        (no amulet)
Stlth   +            o - +4 ring of protection
HPRegen 0.28/turn    (no ring)
MPRegen 0.12/turn

%: no passive effects
@: on fire, hasted, glowing, very quick
A: spiny 1, demonic magic 1, weakness stinger 1
a: Renounce Religion, Curse Item


You were on level 5 of the Dungeon.
You worshipped Ashenzari.
Ashenzari was noncommittal.
You visited 2 branches of the dungeon, and saw 6 of its levels.

You collected 260 gold pieces.

Inventory:

Hand Weapons
 g - a +0 dagger
 h - a +0 mace of holy wrath
 m - a +3 flail of draining
 r - the +7 Throatcutter (weapon) {drain, coup de grace}
   (You took it off Terence on level 3 of the Dungeon)
 s - a +0 great sword
Armour
 a - a +0 robe (worn)
 l - a +2 helmet (worn)
 q - a +0 pair of gloves (worn)
Magical Staves
 v - a staff of cold
 x - a staff of conjuration
Jewellery
 o - a +4 ring of protection (left hand)
Wands
 t - a wand of mindburst (10)
Scrolls
 d - 3 scrolls of immolation {unknown}
 f - 4 scrolls of identify
 i - 2 scrolls of poison {unknown}
 k - a scroll of summoning {unknown}
 u - a scroll of revelation {unknown}
 w - a scroll of torment {unknown}
 y - 3 scrolls of teleportation
Potions
 b - a potion of magic
 c - a potion of attraction {unknown}
 e - a potion of brilliance {unknown}
 j - a potion of haste
 n - a potion of curing
 p - a potion of enlightenment {unknown}


   Skills:
 - Level 3.0 Fighting
 - Level 4.2 Long Blades
 - Level 1.7 Dodging
 - Level 1.7 Stealth
 - Level 2.6 Spellcasting
 + Level 8.4 Necromancy


You had 3 spell levels left.
You knew the following spells:

 Your Spells              Type           Power      Damage    Failure   Level
a - Necrotise             Necr           100%       1d9       1%          1
b - Vampiric Draining     Necr           31%        2d8       1%          3
c - Animate Dead          Necr           31%        N/A       5%          4

Your spell library contained the following spells:

 Spells                   Type           Power      Damage    Failure   Level
 Sublimation of Blood     Necr           31%        N/A       1%          2
 Magic Dart               Conj           8%         1d3       19%         1
 Searing Ray              Conj           4%         2d4       26%         2
 Curse of Agony           Necr           31%        N/A       16%         5
 Fulminant Prism          Conj/Alch      1%         3d5       87%         4
 Petrify                  Alch/Erth      2%         N/A       87%         4
 Irradiate                Conj/Alch      1%         3d12      99%         5
 Summon Forest            Summ/Tloc      1%         N/A       99%         5
 Eringya's Noxious Bog    Alch           1%         4d6       100%        6
 Summon Hydra             Summ           1%         N/A       100%        7


Dungeon Overview and Level Annotations

Branches:
Dungeon (5/15)             Temple (1/1) D:4

Altars:
Ashenzari
Cheibriados
Dithmenos
Fedhas
Gozag
Hepliaklqana
Kikubaaqudgha
Nemelex Xobeh
Okawaru
Sif Muna
Trog
Uskayaw
Vehumet
Wu Jian
Xom
Yredelemnul

Shops:
D:4 :


Innate Abilities, Weirdness & Mutations

You are partially covered in sharp spines.
Spells you cast may paralyse adjacent enemies.
You have a small tail.


Message History

The burning spray hits you.
You are even more covered in liquid fire!
Aiming: Necrotise (safe; 1% risk of failure)
Press: ? - help, Q - select action, (/) - cycle Shift-Dir - straight line, f/p - bombardier beetle
Aim: a bombardier beetle (heavily wounded, chance to affect: 83%)
The bombardier beetle writhes in agony.
Malevolent energies surge around you. The liquid fire burns you!
You hit the bombardier beetle. You drain the bombardier beetle.
You kill the bombardier beetle!
The liquid fire burns you!
No target in view!
You are on fire!
You are on fire!
You are on fire!
The liquid fire burns you! The liquid fire burns you!
The liquid fire burns you! The liquid fire burns you!
The liquid fire burns you! The liquid fire burns you!
* * * LOW HITPOINT WARNING * * *
The liquid fire burns you!
* * * LOW HITPOINT WARNING * * *
The liquid fire burns you!
* * * LOW HITPOINT WARNING * * *
Okay, then.
It was a potion of haste.
You feel yourself speed up. The liquid fire burns you!
* * * LOW HITPOINT WARNING * * *
It was a potion of curing.
You feel better. The liquid fire burns you!
* * * LOW HITPOINT WARNING * * *
Press: ? - help, v - describe, . - travel The floor.
The liquid fire burns you!
* * * LOW HITPOINT WARNING * * *
The liquid fire burns you!
* * * LOW HITPOINT WARNING * * *
The liquid fire burns you!
You die...

........ .#### #.#
## .###### #.# .#
......# #.# ##.#
.####.# ... ..!#
.# #.# #.# #..# .#
#.# #.# #..# .#
#.# #.###..#
.####.#####......#
............###..#
.####.#####.# #.@#
#.# #......# #.#
#.####.# ... ...
..# ### ### #.#
###


There were no monsters in sight!

Vanquished Creatures
  2 ice beasts (D:5)
  2 ogres (D:4)
  A phantom (D:4)
  A kobold brigand (D:4)
  A scorpion (D:4)
  2 bombardier beetles (D:5)
  2 iguanas
  An orc wizard (D:4)
  2 gnolls (D:2)
  7 adders
  2 ufetubi (D:5)
  2 dart slugs
  2 ribbon worms (D:2)
  7 orcs
  6 ball pythons
  5 endoplasms
  7 giant cockroaches
  11 hobgoblins
  6 jackals
  6 kobolds
  4 quokkas
  5 bats
  5 frilled lizards
  5 goblins
  8 rats
102 creatures vanquished.

Vanquished Creatures (collateral kills)
  Terence (D:3)
  A gnoll (D:2)
  A dart slug (D:2)
  2 orcs (D:3)
  An endoplasm (D:1)
  4 kobolds
10 creatures vanquished.

Grand Total: 112 creatures vanquished

Notes
Turn   | Place    | Note
-------+----------+-------------------------------------------
     0 | D:1      | Zeia the Demonspawn Necromancer began the quest for the
                  | Orb.
     0 | D:1      | Reached XP level 1. HP: 13/13 MP: 3/3
    44 | D:1      | Reached skill level 1 in Fighting
   315 | D:1      | Gained mutation: You have a small tail. [demonic ancestry]
   315 | D:1      | Reached XP level 2. HP: 22/22 MP: 1/5
  1264 | D:2      | Reached XP level 3. HP: 26/28 MP: 2/6
  1587 | D:2      | Reached XP level 4. HP: 6/35 MP: 0/7
  1861 | D:2      | Reached skill level 5 in Necromancy
  2372 | D:3      | Noticed Terence
  2382 | D:3      | Killed Terence
  2390 | D:3      | Learned a level 3 spell: Vampiric Draining
  2460 | D:3      | Reached XP level 5. HP: 39/39 MP: 6/9
  2709 | D:3      | Reached skill level 1 in Long Blades
  3018 | D:3      | Found a blossoming altar of Fedhas.
  3693 | D:4      | Gained mutation: Spells you cast may paralyse adjacent
                  | enemies. [demonic ancestry]
  3693 | D:4      | Reached XP level 6. HP: 24/47 MP: 2/10
  3812 | D:4      | Found a hazy altar of Hepliaklqana.
  3869 | D:4      | Found a staircase to the Ecumenical Temple.
  3876 | Temple   | Entered the Ecumenical Temple
  3933 | Temple   | Became a worshipper of Ashenzari the Shackled
  3980 | D:4      | Found Zeirr's Self-Published Books.
  4180 | D:4      | Reached skill level 6 in Necromancy
  4270 | D:4      | Gained mutation: You are partially covered in sharp spines.
                  | [demonic ancestry]
  4270 | D:4      | Reached XP level 7. HP: 52/52 MP: 11/11
  4466 | D:5      | Entered Level 5 of the Dungeon
  4489 | D:4      | Learned a level 4 spell: Animate Dead
  4535 | D:5      | Reached skill level 7 in Necromancy
  4763 | D:5      | Reached skill level 8 in Necromancy
  4875 | D:5      | HP: 1/52 [burnt (2)]
  4879 | D:5      | Incinerated by a bombardier beetle

Illustrated notes

Levels and vault maps discovered:
D:1:      roderic_crossed_star, layout_basic, kennysheep_pointless_box,
          minivault_4
D:2:      layout_basic, minmay_tromino_v4_a
D:3:      layout_loops_ring, fedhas_altar_3, minmay_fractal_squares_gapless_5,
          uniq_terence
D:4:      layout_loops_cross, nicolae_hepliaklqana_hippocampus,
          minmay_temple_entry_butterflies, nicolae_custom_books
D:5:      layout_basic, zin_scriptorium
Temple:   nicolae_temple_superstar

Skill      XL: |  1  2  3  4  5  6  7 |
---------------+----------------------+-----
Fighting       | 1 2 3 |  3.0
Necromancy     | 5 6 8 |  8.4
Long Blades    | 3 4 |  4.2
Dodging        | |  1.7
Stealth        | |  1.7
Spellcasting   | |  2.6

Action                     |  1- 3 |  4- 6 |  7- 9 || total
---------------------------+-------+-------+-------++-------
  Melee: Unarmed           |     8 |       |       ||     8
         Dagger            |    50 |     6 |       ||    56
         Tailslap          |     3 |     4 |     3 ||    10
         Long sword        |       |    34 |    15 ||    49
   Cast: Necrotise         |    61 |   104 |    22 ||   187
    Use: Scroll            |       |     6 |       ||     6
         Potion            |       |       |     2 ||     2
   Stab: Distracted        |     1 |       |       ||     1
         Sleeping          |       |     1 |       ||     1
         Paralysed         |       |       |     3 ||     3
 Armour: Robe              |    34 |    37 |    11 ||    82
  Dodge: Dodged            |    40 |    46 |    18 ||   104

Table legend: (Time is in decaauts)
 A = Elapsed time spent in this place.
 B = Non-inter-level travel time spent in this place.
 C = Inter-level travel time spent in this place.
 D = Time resting spent in this place.
 E = Time spent auto-exploring this place.
 F = Levels seen in this place.
 G = Mean time per level.
                   A        B        C        D        E       F      G
               +--------+--------+--------+--------+--------+-----+--------+
         Total |   4890 |   4726 |    164 |    951 |   2860 |   6 |  815.0 |
       Dungeon |   4820 |   4668 |    152 |    951 |   2860 |   5 |  964.0 |
        Temple |     69 |     57 |     12 |      0 |      0 |   1 |   69.0 |
               +--------+--------+--------+--------+--------+-----+--------+

Top non-repeatable levels by time:
     D:2: 1234 daAuts
     D:1: 1125 daAuts
     D:3: 1095 daAuts
     D:4: 957 daAuts
     D:5: 407 daAuts
  Temple: 69 daAuts
